 Dungeon Crawl Stone Soup version 0.19.4-10-g532645f (webtiles) character file.

128 Patwa the Gusty (level 4, 0/27 HPs)
             Began as a High Elf Air Elementalist on Feb 23, 2017.
             Slain by an adder (2 damage)
             ... on level 3 of the Dungeon.
             The game lasted 00:25:13 (3005 turns).

Patwa the Gusty (High Elf Air Elementalist)         Turns: 3005, Time: 00:25:17

Health: 0/27       AC:  5    Str:  7    XL:     4   Next: 86%
Magic:  9/9        EV: 12    Int: 19    God:
Gold:   113        SH:  0    Dex: 20    Spells: 2 memorised, 6 levels left

rFire  . . .     SeeInvis .     n - +3 spear
rCold  . . .     Gourm    .     g - +0 leather armour
rNeg   . . .     Faith    .     (no shield)
rPois  .         Spirit   .     w - +1 helmet
rElec  .         Reflect  .     (no cloak)
rCorr  +         Harm     .     (no gloves)
MR     .....                    (no boots)
Stlth  ++........               (no amulet)
                                k - ring of resist corrosion
                                e - +4 ring of dexterity

@: lethally poisoned (0 -> -7), starving
A: no striking features
a: no special abilities


You were on level 3 of the Dungeon.
You were starving.

You visited 1 branch of the dungeon, and saw 3 of its levels.

You collected 113 gold pieces.

Inventory:

Hand Weapons
 c - a +0 short sword
 f - a +0 hand axe
 n - a +3 spear (weapon)
 o - a +0 club
 p - a +0 dagger
 q - a +0 hunting sling
 s - a +0 dagger
 t - a +0 club
 u - a +1 mace of holy wrath
 y - a +0 club
 G - a +0 flail
Missiles
 i - 22 poisoned needles (quivered)
 l - 27 bolts
Armour
 a - a +0 robe
 g - a +0 leather armour (worn)
 v - a +0 animal skin
 w - a +1 helmet (worn)
 B - a +0 robe
 D - a +0 leather armour
 F - a +0 leather armour
Jewellery
 e - a +4 ring of dexterity (left hand)
 k - a ring of resist corrosion (right hand)
Wands
 r - a wand of flame (11/48)
 x - a wand of flame (18/48)
Scrolls
 d - 2 scrolls of remove curse {unknown}
 j - a scroll of recharging {unknown}
 m - a scroll of fog {unknown}
 E - a scroll of teleportation
Potions
 h - a potion of haste {unknown}
 z - a potion of lignification {unknown}
 C - a potion of cancellation {unknown}
Books
 b - a book of Air

   Spells                             Type                      Level
   a - Shock                          Conjuration/Air              1
   b - Swiftness                      Charms/Air                   2
   c - Repel Missiles                 Charms/Air                   2
   d - Static Discharge               Conjuration/Air              3
   e - Lightning Bolt                 Conjuration/Air              5


   Skills:
 + Level 0.8 Fighting
 + Level 0.2 Maces & Flails
 + Level 0.4 Polearms
 + Level 0.6 Armour
 + Level 2.5 Dodging
 + Level 2.2 Stealth
 * Level 3.0 Spellcasting
 * Level 2.6 Conjurations
 + Level 0.2 Charms
 * Level 4.8 Air Magic


You had 6 spell levels left.
You knew the following spells:

 Your Spells              Type           Power        Failure   Level  Hunger
a - Shock                 Conj/Air       ###.         6%          1    None
b - Repel Missiles        Chrm/Air       ##....       14%         2    ##.....


Dungeon Overview and Level Annotations

Branches:
Dungeon (3/15)

Altars:


Message History

You hit the adder but do no damage.
The adder is heavily wounded.
The adder barely misses you.
You hit the adder but do no damage.
The adder is heavily wounded.
The adder closely misses you.
You miss the adder.
The adder is heavily wounded.
The adder barely misses you. The adder bites you.
* * * LOW HITPOINT WARNING * * *
You hit the adder.
The adder is severely wounded.
The adder closely misses you.
You miss the adder.
The adder is severely wounded.
The adder bites you.
* * * LOW HITPOINT WARNING * * *
You are lethally poisoned!
The adder poisons you! The adder bites you.
You die...

.. ###. .
#...##
##.#.....
....#...
#.#...######
#......#...#
##...)S<..#
#....)@...#
##........#
##....####
#.....
...#.#.
###..# .#
##. ## ##


You could see an adder.

Vanquished Creatures
  An orc priest (D:3)
  Jessica (D:2)
  Robin (D:2)
  An ooze (D:2)
  An adder zombie (D:2)
  A worm (D:2)
  A dart slug (D:1)
  3 leopard geckos (D:1)
  2 orcs (D:2)
  2 ball pythons (D:1)
  2 giant cockroaches
  10 goblins
  6 hobgoblins
  3 kobolds (D:1)
  2 bats
  4 frilled lizards (D:2)
  5 rats
46 creatures vanquished.

Notes
Turn   | Place    | Note
-------+----------+-------------------------------------------
     0 | D:1      | Patwa the High Elf Air Elementalist began the quest for the Orb.
     0 | D:1      | Reached XP level 1. HP: 11/11 MP: 4/4
   387 | D:1      | Reached skill level 4 in Air Magic
   510 | D:1      | Reached XP level 2. HP: 2/17 MP: 1/6
   816 | D:1      | Learned a level 2 spell: Swiftness
  1107 | D:1      | Learned a level 2 spell: Repel Missiles
  1752 | D:2      | Reached XP level 3. HP: 9/21 MP: 6/8
  2024 | D:2      | Noticed Robin
  2061 | D:2      | Killed Robin
  2066 | D:2      | HP: 1/21 [goblin[Robin] (6)]
  2401 | D:2      | Noticed Jessica
  2410 | D:2      | Killed Jessica
  2410 | D:2      | Reached XP level 4. HP: 27/27 MP: 6/9
  2787 | D:3      | Noticed an ice beast
  3005 | D:3      | Slain by an adder

Skill      XL: |  1  2  3  4 |
---------------+-------------+-----
Air Magic      | 4 |  4.8
Conjurations   | 2 |  2.6
Spellcasting   | 3 |  3.0
Fighting       | |  0.8
Maces & Flails | |  0.2
Polearms       | |  0.4
Armour         | |  0.6
Dodging        | |  2.5
Stealth        | |  2.2
Charms         | |  0.2

Action                   |  1- 3 |  4- 6 || total
-------------------------+-------+-------++-------
Melee: Unarmed           |     9 |       ||     9
       Hand axe          |    11 |       ||    11
       Spear             |     7 |    18 ||    25
       Short sword       |     1 |       ||     1
       Mace              |     2 |    17 ||    19
 Cast: Shock             |    56 |     9 ||    65
       Repel Missiles    |     1 |       ||     1
Evoke: Wand              |     1 |       ||     1
  Use: Scroll            |     2 |       ||     2
       Potion            |       |     1 ||     1
  Eat: Bread ration      |     1 |       ||     1
Armor: Leather armour    |     5 |    25 ||    30
Dodge: Dodged            |    55 |    43 ||    98
       Deflected         |     3 |       ||     3
